Jo, neutral female sylph Healer | .| ------ .| |}.(.|... |(.}.-..| |.(}(|..| ------ .| .| -- Jo the Empiric Experience level: 4 Strength: 9 Dexterity: 9 Constitution: 13 Intelligence: 12 Wisdom: 18 Charisma: 18 Health: 0(29) Energy: 12(39) Def: 7 Gold: 0 Moves: 2548 Dungeon seed: C9InB4IdBjxRuh5C Game ID: Jo_1512494504 Your Inventory: Weapons a - an uncursed +1 scalpel (weapon in hand) Armor e - an uncursed +1 pair of leather gloves y - an uncursed +1 dwarvish mithril-coat (being worn) Comestibles j - 4 blessed eucalyptus leaves k - 2 blessed sprigs of wolfsbane l - 3 blessed cloves of garlic s - an uncursed lembas wafer H - 2 uncursed food rations Scrolls U - an uncursed scroll of blank paper Spellbooks g - a blessed spellbook of healing h - a blessed spellbook of extra healing i - a blessed spellbook of stone to flesh Potions c - 2 uncursed diluted potions of healing d - 4 uncursed potions of extra healing o - an uncursed potion of gain energy T - an uncursed potion of fruit juice Rings G - an uncursed +1 ring of adornment (on left hand) Wands f - an uncursed wand of sleep (0:6) I - an uncursed wand of make invisible (0:0) Tools b - an uncursed stethoscope p - an uncursed magic harp (0:0) V - an uncursed lock pick Gems n - an uncursed jet q - an uncursed worthless piece of white glass r - an uncursed worthless piece of orange glass Spells and supernatural/magical abilities: Name Level Category Fail Memory h - healing 1 healing 53% 88% l - light 1 divination 73% 93% x - extra healing 3 healing 66% 88% B - cure blindness 2 healing 53% 96% S - stone to flesh 3 healing 83% 88% W - pray for help -- divine ? -- Your skills at the end: Miscellaneous Skills wands [Basic] Weapon Skills knife [Basic] Spellcasting Skills healing spells [Basic] Final Attributes: You were devoutly aligned. You were poison resistant. You were blinded. Your writing hand was ok. You saw invisible. You were adorned. You were invisible to others. You were stealthy. You were protected from shape changers. You were lucky. You are dead. Vanquished creatures: a gnome lord a gnomish wizard 6 dwarves a rothe 3 hobbits 2 geckos a yellow mold 9 gnomes a jackal a fox 2 kobolds 5 newts 2 goblins 2 sewer rats a grid bug 4 lichens 2 kobold zombies 44 creatures vanquished. Voluntary challenges: You were vegetarian. You did not cause conflict. You were not invisible. You did not have reflection. You were not displaced. You were an atheist. You used a wielded weapon 55 times, starting on turn 14. You did not apply a unicorn horn. You did not use sinks. You read items or engraved 11 times, starting on turn 302. You never genocided any monsters. You never polymorphed an object. You never changed form. You used no wishes. You never split a pudding. You wrote Elbereth's name 1 time, starting on turn 2061. You violated your moral code, losing 1 point of alignment, starting on turn 2548. Dungeon overview: The Dungeons of Doom: levels 1 to 3 Level 1 an altar to Hermes a long staircase Level 2 Level 3 stairs to The Gnomish Mines The Gnomish Mines: levels 4 to 7 Level 4 stairs to The Dungeons of Doom Level 5 Level 6 Level 7 <- You were here a hardware shop History has recorded: On T:1 you entered the Dungeons of Doom to retrieve the Amulet of Yendor! On T:286 you reached level 2 of The Dungeons of Doom. On T:846 you advanced to experience level 2. On T:876 you reached level 3 of The Dungeons of Doom. On T:1797 you reached level 1 of The Gnomish Mines. On T:1920 you advanced to experience level 3. On T:2030 you reached level 2 of The Gnomish Mines. On T:2384 you reached level 3 of The Gnomish Mines. On T:2416 you advanced to experience level 4. On T:2461 you reached level 4 of The Gnomish Mines. Score breakdown: Gold: 0 ( 0 points) Experience: 4 levels ( 300 points) Exploration: 7 levels ( 180 points) Discoveries: 18 items ( 900 points) Variety of kills: 17 monsters ( 850 points) Major goal: (nothing yet) ( 0 points) Survival: died (score multiplied by 3) Total score: 6690 Latest messages: j - 4 blessed eucalyptus leaves (in quiver). You fill your quiver: j - 4 blessed eucalyptus leaves (in quiver). You now have no ammunition readied. You have no ammunition readied! Never mind. Never mind. You miss Trahnil. You hesitate for a moment, bothered by your conscience. Trahnil gets angry! The kitten drops a brass lantern. Trahnil zaps a forked wand! The bolt of lightning hits you! You are blinded by the flash! The bolt of lightning hits you! You die... Trahnil takes all your possessions. Final status: Goodbye Jo the Healer, killed by a bolt of lightning... You died in The Gnomish Mines on dungeon level 7 with 6690 points, and 0 pieces of gold, after 2548 moves. You were level 4 with a maximum of 29 hit points when you died.